 Dungeon Crawl Stone Soup version 0.25.0-46-gbd7b085 (webtiles) character file.

Game seed: 11472824563941909672

655 Billymom2 the Cleaver (level 7, -1/62 HPs)
             Began as a Hill Orc Berserker on July 13, 2020.
             Was an Initiate of Beogh.
             Slain by a polar bear (17 damage)
             ... created by the rage of Trog
             ... on level 7 of the Dungeon.
             The game lasted 00:11:35 (4169 turns).

Billymom2 the Cleaver (Hill Orc Berserker)          Turns: 4169, Time: 00:11:37

Health: -1/62      AC: 11    Str: 18 (22) XL:     7   Next: 54%
Magic:  7/7        EV:  8    Int:  7      God:    Beogh [......]
Gold:   229        SH:  0    Dex: 10      Spells: 6/6 levels left

rFire    . . .     SeeInvis .   a - +3 hand axe
rCold    . . .     Gourm    .   (no shield)
rNeg     . . .     Faith    .   i - +0 chain mail
rPois    .         Spirit   .   (no helmet)
rElec    .         Reflect  .   (no cloak)
rCorr    +         Harm     .   (no gloves)
MR       .....                  (no boots)
Stlth    ..........             (no amulet)
HPRegen  0.20/turn              g - ring of resist corrosion
MPRegen  0.10/turn              (no ring)

@: no status effects
A: rugged brown scales 1, shaggy fur 1
a: Renounce Religion


You were on level 7 of the Dungeon.
You worshipped Beogh.
Beogh was noncommittal.
You were hungry.

You visited 1 branch of the dungeon, and saw 5 of its levels.

You collected 229 gold pieces.

Inventory:

Hand Weapons
 a - a +3 hand axe (weapon)
 j - a +2 whip of distortion
Armour
 b - a +0 animal skin
 i - a +0 chain mail (worn)
Jewellery
 g - a ring of resist corrosion (left hand)
Wands
 k - a wand of iceblast (8)
Scrolls
 f - 9 scrolls of identify
 l - 5 scrolls of remove curse
Potions
 e - a potion of flight
 h - 3 potions of curing
Comestibles
 c - 5 rations


   Skills:
 + Level 5.4 Fighting
 + Level 8.2 Axes
 + Level 4.6 Armour
 + Level 2.7 Dodging
 + Level 0.2 Stealth


You had 6 spell levels left.
You didn't know any spells.
Your spell library was empty.

Dungeon Overview and Level Annotations

Branches:
Dungeon (4/15)
 Temple: D:4-7

Altars:

Shops:
D:7 !


Innate Abilities, Weirdness & Mutations

You are partially covered in rugged brown scales. (AC +1, +3% HP)
You are covered in fur. (AC +1)


Message History

The polar bear claws you but does no damage. x2
The polar bear bites you. The polar bear barely misses you.
The polar bear claws you but does no damage.
The black bear completely misses you. The black bear claws you.
The black bear claws you but does no damage.
You are too injured to fight recklessly!
The polar bear barely misses you.
The polar bear claws you but does no damage.
The polar bear claws you.
* * * LOW HITPOINT WARNING * * *
The polar bear barely misses you.
The polar bear claws you but does no damage.
The polar bear claws you.
* * * LOW HITPOINT WARNING * * *
The polar bear bites you but does no damage.
The polar bear claws you but does no damage. x2
The polar bear bites you but does no damage.
The polar bear claws you but does no damage. x2
The polar bear bites you!
You die...

. #.... #. .. ....# ...###.
.##....# .....## . .....#
#......#(#.....#
..................##
............#......# ..
...........h@hh#...# .)
..#..#....hhh....## ..
##..........#......###
).###.)..#......#........#
.................())....#
....##........((((......#
#..##.........(##........#
##.............##.........#
#..#..##......####..##....#


You could see 4 polar bears and 2 black bears.

Vanquished Creatures
  A centaur (D:7)
  A bullfrog (D:7)
  A crimson imp (D:7)
  2 centaur skeletons (D:4)
  3 orc wizards
  A bullfrog skeleton (D:4)
  3 iguanas
  3 worker ants
  7 adders
  A shadow imp (D:7)
  4 worms
  3 leopard geckos
  12 orcs
  6 giant cockroaches
  5 goblins
  7 hobgoblins
  4 jackals (D:1)
  3 kobolds
  3 quokkas
  9 bats
  6 frilled lizards
  2 rats
87 creatures vanquished.

Notes
Turn   | Place    | Note
-------+----------+-------------------------------------------
     0 | D:1      | Billymom2 the Hill Orc Berserker began the quest for the
                  | Orb.
     0 | D:1      | Reached XP level 1. HP: 19/19 MP: 1/1
    79 | D:1      | Reached XP level 2. HP: 17/27 MP: 2/2
  1010 | D:2      | Reached XP level 3. HP: 31/33 MP: 3/3
  1045 | D:2      | Reached skill level 5 in Axes
  1472 | D:2      | Reached XP level 4. HP: 37/41 MP: 4/4
  1553 | D:2      | Reached ** piety under Trog
  1938 | D:2      | Reached skill level 6 in Axes
  2188 | D:2      | Reached XP level 5. HP: 47/47 MP: 5/5
  2894 | D:3      | Reached XP level 6. HP: 44/55 MP: 6/6
  3079 | D:3      | Reached skill level 7 in Axes
  3402 | D:4      | Gained mutation: You are partially covered in rugged brown
                  | scales. (AC +1, +3% HP) [potion of mutation]
  3402 | D:4      | Gained mutation: You are covered in fur. (AC +1) [potion of
                  | mutation]
  3507 | D:4      | Reached *** piety under Trog
  3671 | D:4      | You fall into a shaft and drop 3 floors!
  3683 | D:7      | Reached skill level 5 in Fighting
  3684 | D:7      | Reached XP level 7. HP: 58/62 MP: 7/7
  3832 | D:7      | Found Mejedd's Distillery.
  3905 | D:7      | Reached skill level 8 in Axes
  3928 | D:7      | Fell from the grace of Trog
  3928 | D:7      | Became a worshipper of Beogh the Brigand
  4166 | D:7      | Noticed a polar bear
  4166 | D:7      | Noticed a polar bear
  4166 | D:7      | Noticed a polar bear
  4166 | D:7      | Noticed a polar bear
  4169 | D:7      | Slain by a polar bear

Illustrated notes

Levels and vault maps discovered:
D:1:      tarquinn_simple_flora_water_d, layout_basic
D:2:      layout_loops_ring, minmay_pentomino_v4
D:3:      layout_basic, serial_glass, glass_columns_b, glass_columns_a
D:4:      layout_basic, first_ration, uniq_blork_the_orc
D:7:      cheibrodos_iron_armory, layout_cave_pools,
          minmay_temple_entry_slanted, serial_shops, shop, shop, kennysheep_mini

Skill      XL: |  1  2  3  4  5  6  7 |
---------------+----------------------+-----
Fighting       | 4 5 |  5.4
Axes           | 5 6 7 8 |  8.2
Armour         | 3 4 |  4.6
Dodging        | 2 |  2.7
Stealth        | |  0.2

Action                   |  1- 3 |  4- 6 |  7- 9 || total
-------------------------+-------+-------+-------++-------
Melee: Hand axe          |    87 |   179 |    39 ||   305
Invok: Berserk           |     1 |     2 |       ||     3
       Convert to Beogh  |       |       |     1 ||     1
  Use: Scroll            |     4 |     8 |       ||    12
       Potion            |     2 |     1 |       ||     3
 Stab: Sleeping          |     1 |       |       ||     1
  Eat: Ration            |     1 |     1 |       ||     2
       Chunk             |       |     5 |     1 ||     6
Armor: Animal skin       |     7 |       |       ||     7
       Chain mail        |    36 |   117 |    31 ||   184
Dodge: Dodged            |    48 |    91 |    26 ||   165
